 Dungeon Crawl Stone Soup version 0.23-a0-619-g281719c6f9 (webtiles) character file.

270 HereIgoKillingAgain the Archer (level 6, 0/51 HPs)
             Began as a Centaur Hunter on Dec 23, 2018.
             Succumbed to an orc wizard's poison
             ... on level 3 of the Dungeon.
             The game lasted 00:02:58 (2702 turns).

HereIgoKillingAgain the Archer (Centaur Hunter)     Turns: 2702, Time: 00:02:58

Health: 0/51       AC:  4    Str: 15    XL:     6   Next: 1%
Magic:  6/6        EV:  9    Int: 10    God:
Gold:   142        SH:  0    Dex: 14    Spells: 5/5 levels left

rFire    . . .     SeeInvis .   j - +5 hand axe (elec)
rCold    . . .     Gourm    .   (no shield)
rNeg     . . .     Faith    .   c - +0 leather armour
rPois    .         Spirit   .   (no helmet)
rElec    .         Reflect  .   (no cloak)
rCorr    +         Harm     .   (no gloves)
MR       .....                  (no barding)
Stlth    +.........             q - amulet of rage
HPRegen  0.17/turn              m - ring of resist corrosion
MPRegen  0.10/turn              o - +3 ring of dexterity (curse)

@: lethally poisoned (0 -> -22), berserk cooldown, slowed, drained
A: large, hooves 3, deformed body, speed 2, tough skin 3
a: Evoke Berserk Rage


You were on level 3 of the Dungeon.
You were near starving.

You visited 1 branch of the dungeon, and saw 3 of its levels.

You collected 142 gold pieces.

Inventory:

Hand Weapons
 a - a +1 shortbow
 b - a +0 short sword
 j - a +5 hand axe of electrocution (weapon)
Missiles
 d - 28 arrows
Armour
 c - a +0 leather armour (worn)
Jewellery
 i - an uncursed amulet of harm
 m - a ring of resist corrosion (left hand)
 o - a cursed +3 ring of dexterity (right hand)
 q - an amulet of rage (around neck)
Scrolls
 e - 3 scrolls of identify {unknown}
 g - a scroll of enchant weapon {unknown}
 k - a scroll of random uselessness {unknown}
 l - a scroll of remove curse {unknown}
 n - a scroll of enchant armour {unknown}
 p - a scroll of immolation {unknown}
Potions
 h - a potion of brilliance
Comestibles
 f - 8 rations


   Skills:
 + Level 3.3(2.5) Fighting
 + Level 8.9(8.0) Bows
 - Level 1.3(0.6) Dodging
 - Level 0.4(0.0) Stealth


You had 5 spell levels left.
You didn't know any spells.
Your spell library was empty.

Dungeon Overview and Level Annotations

Branches:
Dungeon (3/15)

Altars:
Xom
Yredelemnul


Innate Abilities, Weirdness & Mutations

You have hooves in place of feet.
Armour fits poorly on your strangely shaped body.
You cover ground very quickly.
You have extremely tough skin. (AC +3)


Message History

* * * LOW HITPOINT WARNING * * *
You feel sick.
Things that are here:
a +0 trident; a +0 leather armour You feel a strong urge to attack something.
* * * LOW HITPOINT WARNING * * *
You feel sick.
* * * LOW HITPOINT WARNING * * *
You feel sick.
Things that are here:
a +0 trident; a +0 leather armour You feel your anger nearly subside.
You are no longer berserk.
You are exhausted.
You feel yourself slow down.
* * * LOW HITPOINT WARNING * * *
You feel sick.
Okay, then.
There is a lethal amount of poison in your body!
There is a lethal amount of poison in your body!
You die...

###### ....## ....#
#.#.## ##)#..#
####..)@.#
##########....)##.#
....................
..#.##.#######.##.###
....##.# #.# .#
..####)# #.# .#
...##..# #.# .#
####..## #.# .#
#.#.##


There were no monsters in sight!

Vanquished Creatures
  An orc wizard (D:3)
  Jessica (D:2)
  Terence (D:2)
  Robin (D:2)
  4 adders
  4 gnolls (D:2)
  An adder skeleton (D:2)
  2 worms
  2 dart slugs (D:1)
  2 leopard geckos
  2 orcs (D:3)
  3 giant cockroaches
  20 goblins
  15 hobgoblins
  2 jackals (D:2)
  3 kobolds
  2 quokkas
  6 ball pythons
  5 bats
  4 frilled lizards
  11 rats
92 creatures vanquished.

Notes
Turn   | Place    | Note
-------+----------+-------------------------------------------
     0 | D:1      | HereIgoKillingAgain the Centaur Hunter began the quest for
                  | the Orb.
     0 | D:1      | Reached XP level 1. HP: 17/17 MP: 1/1
   145 | D:1      | Reached XP level 2. HP: 16/24 MP: 2/2
   168 | D:1      | Reached skill level 6 in Bows
   607 | D:1      | Reached XP level 3. HP: 29/29 MP: 3/3
   789 | D:2      | Reached skill level 7 in Bows
   812 | D:2      | Reached XP level 4. HP: 28/36 MP: 4/4
   909 | D:2      | Noticed Terence
   932 | D:2      | Killed Terence
   932 | D:2      | Reached skill level 8 in Bows
  1436 | D:2      | Reached XP level 5. HP: 18/41 MP: 5/5
  1792 | D:2      | Noticed Jessica
  1798 | D:2      | Killed Jessica
  1872 | D:2      | Noticed Robin
  1874 | D:2      | Found a basalt altar of Yredelemnul.
  1885 | D:2      | Killed Robin
  2656 | D:3      | Found a shimmering altar of Xom.
  2694 | D:3      | Reached XP level 6. HP: 17/51 MP: 6/6
  2702 | D:3      | Succumbed to an orc wizard's poison

Vault maps used:
D:1:      onia_arrival_mini_spirals, grunt_decor_arrowhead,
          minmay_shallow_snake_nest
D:2:      minmay_thinvault, nicolae_overflow_hidden_temple,
          minmay_misc_feat_plants, kennysheep_generic_room_16, uniq_terence,
          uniq_robin, uniq_jessica
D:3:      lemuel_coloured_pillars_altar, serial_corexii_hall,
          corexii_hall_statues_deadend, chequers_hall_statues_y,
          columned_hall_lemuel, uniq_crazy_yiuf_cottage

Skill      XL: |  1  2  3  4  5 |
---------------+----------------+-----
Bows           | 6 7 8 |  8.9
Fighting       | 3 |  3.3
Dodging        | |  1.3
Stealth        | |  0.4

Action                   |  1- 3 |  4- 6 || total
-------------------------+-------+-------++-------
Melee: Short sword       |     1 |     4 ||     5
       Hand axe          |       |    82 ||    82
       Kick              |       |     8 ||     8
 Fire: Shortbow          |    95 |    17 ||   112
 Abil: Evoke Berserk Rag |       |     1 ||     1
  Use: Potion            |       |     2 ||     2
  Eat: Chunk             |       |     3 ||     3
Armor: Leather armour    |    10 |    24 ||    34
Dodge: Dodged            |    12 |    52 ||    64

Table legend:
 A = Non-vault XP
 B = Vault XP
 C = Vault XP percentage of total XP
 D = Non-vault monster count
 E = Vault monster count
 F = Vault count percentage of total count
                 A         B        C        D         E       F
            +---------+---------+-------+---------+---------+-------
      Total |     229 |     157 |  40.7 |      56 |      36 |  39.1
            +---------+---------+-------+---------+---------+-------
        D:1 |      37 |       6 |  14.0 |      21 |       3 |  12.5
        D:2 |     102 |     151 |  59.7 |      21 |      33 |  61.1
        D:3 |      90 |       0 |   0.0 |      14 |       0 |   0.0
            +---------+---------+-------+---------+---------+-------
